 Dungeon Crawl Stone Soup version 0.19.1-1-g22dce08 (webtiles) character file.

368 McKennaii the Gusty (level 6, 0/36 HPs)
             Began as a High Elf Air Elementalist on Jan 12, 2017.
             Was a Follower of Sif Muna.
             Slain by a troll (10 damage)
             ... on level 5 of the Dungeon.
             The game lasted 00:12:45 (4333 turns).

McKennaii the Gusty (High Elf Air Elementalist)     Turns: 4333, Time: 00:12:45

Health: 0/36       AC:  4    Str:  7    XL:     6   Next: 41%
Magic:  5/13       EV: 13    Int: 21    God:    Sif Muna [*.....]
Gold:   257        SH:  0    Dex: 16    Spells: 4 memorised, 5 levels left

rFire  . . .     SeeInvis .     w - +0 falchion
rCold  + . .     Gourm    .     a - +0 robe
rNeg   . . .     Faith    .     (no shield)
rPois  .         Spirit   .     (no helmet)
rElec  .         Reflect  .     s - +0 cloak
rCorr  .         Harm     .     o - +0 pair of gloves
MR     .....                    (no boots)
Stlth  ++........               (no amulet)
                                (no ring)
                                q - ring of protection from cold

@: repel missiles
A: no striking features
a: Divine Energy, Renounce Religion


You were on level 5 of the Dungeon.
You worshipped Sif Muna.
Sif Muna was aware of your devotion.
You were not hungry.

You visited 1 branch of the dungeon, and saw 5 of its levels.

You collected 257 gold pieces.

Inventory:

Hand Weapons
 w - a +0 falchion (weapon)
Armour
 a - a +0 robe (worn)
 o - a +0 pair of gloves (worn)
 s - a +0 cloak (worn)
Jewellery
 q - a ring of protection from cold (left hand)
Wands
 p - a wand of enslavement (16/24)
 t - a wand of random effects (29/48)
Scrolls
 e - a scroll of teleportation {unknown}
 j - 4 scrolls of identify {unknown}
 k - a scroll of random uselessness {unknown}
 l - a scroll of remove curse {unknown}
 u - a scroll of enchant weapon {unknown}
 x - a scroll of fear {unknown}
Potions
 d - 3 potions of might {unknown}
 g - a potion of flight {unknown}
 i - 2 potions of beneficial mutation {unknown}
 m - a potion of mutation {unknown}
 n - 2 potions of heal wounds {unknown}
 r - 2 potions of brilliance {unknown}
 v - 2 potions of magic {unknown}
Books
 b - a book of Air

   Spells                             Type                      Level
   a - Shock                          Conjuration/Air              1
   b - Swiftness                      Charms/Air                   2
   c - Repel Missiles                 Charms/Air                   2
   d - Static Discharge               Conjuration/Air              3
   e - Lightning Bolt                 Conjuration/Air              5
Comestibles
 c - 4 bread rations
 f - 4 meat rations
 h - a fruit


   Skills:
 + Level 0.2 Fighting
 + Level 1.0 Long Blades
 + Level 2.4 Dodging
 + Level 2.3 Stealth
 + Level 0.4 Unarmed Combat
 + Level 4.3 Spellcasting
 + Level 3.3 Conjurations
 + Level 0.2 Charms
 + Level 6.3 Air Magic


You had 5 spell levels left.
You knew the following spells:

 Your Spells              Type           Power        Failure   Level  Hunger
a - Shock                 Conj/Air       ###.         1%          1    None
b - Swiftness             Chrm/Air       ###.....     6%          2    #......
c - Repel Missiles        Chrm/Air       ###...       6%          2    #......
d - Static Discharge      Conj/Air       ###.....     6%          3    ##.....


Dungeon Overview and Level Annotations

Branches:
Dungeon (5/15)             Temple (0/1) D:4

Altars:
Fedhas
Makhleb
Ru
Sif Muna

Annotations:
D:2 exclusion: oklob plant


Message History

Casting: Shock
Confirm with . or Enter, or press ? or * to list all spells.
Aiming: Shock
Press: ? - help, Shift-Dir - straight line The zap hits the troll.
The troll is severely wounded.
The zap hits the troll.
The troll is severely wounded.
The troll bites you! The troll claws you. The troll claws you!
* * * LOW HITPOINT WARNING * * *
Casting: Shock
Confirm with . or Enter, or press ? or * to list all spells.
Aiming: Shock
Press: ? - help, Shift-Dir - straight line The zap misses the troll.
The zap hits the troll.
The troll is severely wounded.
The troll closely misses you.
You riposte.
You hit the troll but do no damage.
The troll is severely wounded.
The troll misses you. The troll claws you!
You die...

#...# #..##
#............. #...#
##..###.............
##.##
##..##.............
#.#
##................
#.#
###..............
#.#
#...........#####
#.# #.###########
#.#######T#
#....##.@.#
#....##.###
#....#..#
#......######
#............#
#....#########
#....# #....# #....#


You could see a troll.

Vanquished Creatures
  A phantom (D:5)
  A hound (D:4)
  A jelly (D:5)
  An iguana (D:4)
  A worker ant (D:4)
  An orc wizard (D:4)
  A gnoll (D:1)
  4 adders
  2 oozes
  2 worms
  4 dart slugs
  3 leopard geckos
  8 orcs
  A ball python (D:3)
  2 bats
  2 giant cockroaches
  5 goblins
  9 hobgoblins
  6 jackals
  A quokka (D:2)
  5 frilled lizards
  4 kobolds
  14 rats
  A fungus (D:2)
80 creatures vanquished.

Vanquished Creatures (others)
  2 fungi (D:2)
  A plant (D:2)
  16 toadstools (D:2)
19 creatures vanquished.

Grand Total: 99 creatures vanquished

Notes
Turn   | Place    | Note
-------+----------+-------------------------------------------
     0 | D:1      | McKennaii the High Elf Air Elementalist began the quest for the Orb.
     0 | D:1      | Reached XP level 1. HP: 11/11 MP: 4/4
    37 | D:1      | Reached skill level 4 in Air Magic
    97 | D:1      | Reached XP level 2. HP: 10/17 MP: 4/6
   691 | D:1      | Reached XP level 3. HP: 21/21 MP: 6/8
  1266 | D:2      | Learned a level 2 spell: Swiftness
  1269 | D:2      | Learned a level 2 spell: Repel Missiles
  1902 | D:2      | Found a deep blue altar of Sif Muna.
  1909 | D:2      | Became a worshipper of Sif Muna the Loreminder
  1938 | D:2      | Reached skill level 5 in Air Magic
  1959 | D:2      | Reached XP level 4. HP: 24/27 MP: 0/9
  2056 | D:2      | Found a blossoming altar of Fedhas.
  2070 | D:2      | Noticed an oklob plant
  2661 | D:3      | Found a sacrificial altar of Ru.
  3421 | D:4      | Found a staircase to the Ecumenical Temple.
  3504 | D:4      | Reached XP level 5. HP: 30/31 MP: 0/11
  3739 | D:4      | Reached skill level 6 in Air Magic
  4050 | D:4      | Learned a level 3 spell: Static Discharge
  4078 | D:5      | Entered Level 5 of the Dungeon
  4098 | D:5      | Noticed a phantom
  4163 | D:5      | Killed a phantom
  4163 | D:5      | Reached * piety under Sif Muna
  4163 | D:5      | Reached XP level 6. HP: 17/36 MP: 3/13
  4296 | D:5      | Found a burning altar of Makhleb.
  4305 | D:5      | Noticed a troll
  4305 | D:5      | Reached skill level 1 in Long Blades
  4333 | D:5      | Slain by a troll

Skill      XL: |  1  2  3  4  5  6 |
---------------+-------------------+-----
Air Magic      | 4 5 6 |  6.3
Spellcasting   | 3 4 |  4.3
Conjurations   | 2 3 |  3.3
Long Blades    | 1 |  1.0
Fighting       | |  0.2
Dodging        | |  2.4
Stealth        | |  2.3
Unarmed Combat | |  0.4
Charms         | |  0.2

Action                   |  1- 3 |  4- 6 || total
-------------------------+-------+-------++-------
Melee: Unarmed           |    20 |     2 ||    22
       Falchion          |       |     8 ||     8
 Cast: Shock             |    72 |   171 ||   243
       Repel Missiles    |     1 |       ||     1
  Eat: Bread ration      |     1 |       ||     1
       Fruit             |       |     3 ||     3
       Beef jerky        |       |     2 ||     2
Armor: Robe              |     4 |     6 ||    10
Dodge: Dodged            |    21 |    21 ||    42
       Deflected         |     1 |       ||     1
       Rpst.: Falchion   |       |     2 ||     2
